Map: [ESL] Hecate

Players

NightMare

  • Race: Protoss Protoss
  • Spawn Location: 7:00

Creator - Winner!

  • Race: Protoss Protoss
  • Spawn Location: 1:00

Event: ESL SC2 Masters 2023 Winter (Finals)

VOD

Have the link to the VOD?

Description

Time

  • Played on: Dec. 15, 2023, 10:51 a.m.
  • Length: 10:14

All games in this series

Show
View Real Time Build Order
Export as new Build Order

NightMare Protoss 

Build Orders: Blink Stalkers 

Get SALT Encoding   

  12  0:00  Probe  
  13  0:12  Probe  
  14  0:17  Pylon  
  14  0:24  Probe (Chrono Boost)  
  15  0:36  Probe (Chrono Boost)  
  15  0:37  Gateway  
  16  0:45  Assimilator, Probe (Chrono Boost)  
  17  0:51  Probe  
  17  0:54  Assimilator  
  18  1:03  Probe (Chrono Boost)  
  19  1:06  Gateway  
  19  1:12  Probe (Chrono Boost)  
  19  1:17  Probe (Chrono Boost)  
  20  1:25  Cybernetics Core  
  21  1:29  Probe  
  22  1:34  Pylon  
  22  1:41  Probe  
  23  2:01  Warp Gate, Adept x2  
  25  2:07  Pylon  
  27  2:27  Twilight Council  
  27  2:31  Stalker x2  
  31  2:47  Gateway  
  29  3:01  Stalker x2  
  29  3:02  Blink (Chrono Boost)  
  33  3:08  Pylon  
  33  3:22  Pylon  
  33  3:33  Shield Battery  
  33  3:37  Pylon  
  33  3:43  Gateway  
  33  3:49  Sentry, Stalker x2  
  39  4:14  Stalker x3  
  45  4:38  Stalker  
  47  4:39  Stalker x2  
  51  4:53  Stalker  
  51  4:56  Pylon  
  49  5:13  Stalker x2  
  35  5:33  Stalker  
  36  5:53  Stalker x2  
  36  5:54  Probe  
  41  6:06  Probe  
  42  6:11  Stalker  
  42  6:27  Probe  
  42  6:29  Stalker x2  
  47  6:53  Adept x2  
  47  6:54  Robotics Facility  
  51  7:02  Sentry  
  51  7:08  Pylon  
  53  7:10  Gateway  
  46  7:32  Stalker  
  46  7:33  Stalker x2  
Show
View Real Time Build Order
Export as new Build Order

Creator Protoss - Winner!

Build Orders:  

Get SALT Encoding   

  12  0:00  Probe  
  13  0:12  Probe  
  14  0:16  Pylon  
  14  0:24  Probe (Chrono Boost)  
  15  0:36  Gateway, Probe (Chrono Boost)  
  16  0:44  Probe (Chrono Boost)  
  16  0:45  Assimilator  
  17  0:51  Probe  
  17  0:54  Assimilator  
  18  1:03  Probe (Chrono Boost)  
  19  1:06  Gateway  
  19  1:12  Probe (Chrono Boost)  
  19  1:17  Probe (Chrono Boost)  
  20  1:24  Cybernetics Core  
  21  1:29  Probe  
  22  1:34  Pylon  
  22  1:41  Probe  
  23  2:00  Robotics Facility  
  23  2:01  Adept x2  
  27  2:02  Warp Gate  
  27  2:08  Pylon  
  27  2:11  Probe  
  28  2:30  Sentry  
  28  2:31  Adept  
  32  2:46  Gateway, Immortal (Chrono Boost)  
  34  2:59  Shield Battery  
  34  3:06  Shield Battery  
  34  3:17  Immortal (Chrono Boost)  
  38  3:24  Pylon  
  38  3:36  Pylon  
  38  3:48  Warp Prism  
  38  3:51  Sentry x2  
  44  3:56  Adept  
  46  4:08  Pylon  
  46  4:17  Adept x2  
  46  4:23  Adept  
  52  4:36  Immortal (Chrono Boost)  
  56  4:53  Stalker  
  56  4:55  Stalker  
  54  5:12  Immortal (Chrono Boost)  
  44  5:41  Adept  
  46  5:43  Sentry, Adept  
  46  5:44  Immortal  
  54  5:50  Pylon  
  53  6:20  Warp Prism (Chrono Boost)  
  53  6:21  Stalker x2  
  58  6:28  Adept  
  59  6:46  Adept x2  
  63  6:49  Adept  
  63  6:50  Observer  
  66  6:59  Pylon  
  66  7:09  Adept x2  
  59  7:39  Stalker  
  52  8:05  Stalker  
  43  8:42  Immortal  
Tags
 
Add a new tag
Caveats
  • Supply blocks, unpowered buildings, or Contaminate may cause inaccurate times.
  • Supply counts are checked every 10 seconds.